Map: Prion Terraces

Players

Happy

  • Race: Terran Terran
  • League: Diamond

FireCake - Winner!

  • Race: Zerg Zerg
  • League: Master

Event: DreamHack ROCCAT LotV Championship

VOD

Have the link to the VOD?

Description

Time

  • Played on: Nov. 26, 2015, 11:42 a.m.
  • Length: 12:01

All games in this series

Show
View Real Time Build Order
Export as new Build Order

Happy Terran 

Build Orders: Liberator Opening, Reaper Expand 

Get SALT Encoding   

  12  0:00  SCV  
  13  0:12  SCV  
  14  0:17  Supply Depot  
  14  0:24  SCV  
  15  0:38  SCV  
  15  0:40  Barracks  
  16  0:44  Refinery  
  16  0:51  SCV  
  17  1:03  SCV  
  18  1:15  SCV  
  19  1:27  Orbital Command  
  19  1:28  Reaper  
  20  1:39  Command Center  
  20  1:51  Refinery  
  20  1:52  SCV  
  21  1:59  Marine  
  22  2:01  Supply Depot  
  22  2:05  SCV  
  23  2:12  Factory  
  23  2:23  SCV  
  23  2:24  Barracks Reactor  
  24  2:35  SCV  
  24  2:48  SCV  
  25  2:59  Starport  
  25  3:03  SCV, Orbital Command  
  26  3:06  Barracks Tech Lab  
  26  3:07  Hellion  
  26  3:08  Hellion  
  30  3:16  SCV  
  31  3:22  Liberator  
  31  3:29  SCV x2  
  37  3:35  Supply Depot  
  36  3:42  Supply Depot, SCV  
  36  3:44  Siege Tank  
  36  3:46  Marine x2  
  36  3:48  SCV  
  43  3:53  Supply Depot  
  43  3:54  Refinery  
  43  4:01  SCV  
  43  4:02  SCV, Bunker  
  45  4:05  Marine  
  46  4:14  SCV x2  
  48  4:17  Marine  
  48  4:18  Supply Depot  
  48  4:23  Marine  
  50  4:25  Siege Tank  
  50  4:26  SCV  
  50  4:29  SCV  
  55  4:35  Marine, Liberator  
  55  4:38  SCV  
  57  4:41  Marine  
  57  4:42  SCV  
  62  4:59  Supply Depot, SCV  
  63  5:02  SCV  
  63  5:04  Marine x2  
  63  5:05  Supply Depot  
  66  5:16  SCV x2  
  68  5:29  SCV  
  68  5:32  Command Center  
  68  5:34  Engineering Bay  
  68  5:35  SCV, Supply Depot  
  70  5:38  Starport Reactor  
  70  5:41  SCV  
  71  5:43  Siege Tank  
  74  5:53  Barracks  
  74  5:54  Barracks  
  74  5:56  Engineering Bay  
  74  6:07  Marine  
  74  6:08  SCV, Marine  
  74  6:10  Supply Depot, Refinery  
  77  6:11  SCV  
  77  6:16  Medivac x2  
  85  6:18  Siege Tank  
  85  6:23  SCV  
  85  6:24  SCV  
  87  6:25  Marine  
  87  6:26  Terran Infantry Weapons Level 1  
  87  6:29  Terran Infantry Armor Level 1  
  87  6:31  Marine  
  89  6:36  SCV  
  90  6:42  Barracks Tech Lab x2  
  90  6:44  Supply Depot  
  90  6:46  Orbital Command  
  90  6:54  Marine x2  
  90  7:00  Medivac x2  
  90  7:02  Siege Tank  
  93  7:09  Combat Shields, Stimpack  
  93  7:18  Marauder x2  
  97  7:26  Marine x2, Orbital Command  
  99  7:30  Medivac  
  99  7:35  Barracks x2  
  99  7:36  SCV x2  
  103  7:42  Marine  
  103  7:43  Marauder  
  106  7:44  Marine  
  106  7:47  Medivac  
  106  7:48  SCV, Marine  
  111  7:57  Orbital Command  
  111  7:59  SCV x2  
  113  8:07  Armory  
  113  8:11  Marine x2, Medivac  
  113  8:12  SCV, Marauder  
  120  8:17  Medivac  
  122  8:22  Marauder  
  122  8:23  Barracks Reactor x2  
  122  8:26  SCV  
  125  8:27  Supply Depot  
  125  8:28  Barracks  
  125  8:29  Marine  
  125  8:33  SCV, Marauder  
  129  8:35  Marine  
  129  8:38  SCV  
  132  8:43  Medivac  
  132  8:46  Supply Depot, Marine  
  132  8:47  Supply Depot, Siege Tank  
  137  8:52  Orbital Command, Marine  
  137  8:54  Marauder  
  140  9:01  Marine x2  
  123  9:03  Marine  
  123  9:05  Marauder  
  123  9:09  SCV  
  120  9:10  SCV  
  120  9:11  Marine  
  120  9:12  Marine  
  120  9:13  Medivac  
  120  9:15  Terran Infantry Weapons Level 2  
  120  9:16  Marauder  
  126  9:17  Refinery  
  126  9:19  Refinery  
  126  9:21  SCV  
  126  9:22  SCV  
  128  9:26  Marauder  
  128  9:27  Marine x2  
  128  9:28  Marine  
  133  9:33  Marine  
  133  9:34  SCV x3  
  133  9:37  Marauder  
  139  9:42  Marine  
  139  9:44  Supply Depot, Barracks Tech Lab  
  140  9:46  SCV x3  
  140  9:48  Marauder  
  145  9:54  Marine x2  
  145  9:55  Siege Tank  
  145  9:57  Marine  
  145  9:59  Marauder  
  150  10:04  Marauder, Marine x2  
  152  10:08  SCV x2  
  152  10:09  Marauder  
  153  10:14  Marine  
  153  10:15  Marine  
  153  10:20  Marauder  
  153  10:21  Marine  
  146  10:25  SCV  
  146  10:26  Factory, Medivac, Marauder  
  146  10:27  Supply Depot, Siege Tank, Marine  
  155  10:30  Marauder, Marine  
  155  10:32  Marine  
  158  10:41  Marauder  
  160  10:47  Marauder  
  162  10:51  Command Center, Marine x3  
  162  10:52  Marauder, Marine  
  106  11:13  Marauder, Marine  
  106  11:16  Marine  
  106  11:17  Marauder x2, Marine x2  
  106  11:18  Marine x2  
  92  11:21  Siege Tank  
  79  11:31  Medivac x2, Marine  
  67  11:34  Marine x2  
  67  11:35  Marauder, Marine x2  
  67  11:36  Marine  
  67  11:39  Marauder x2  
Show
View Real Time Build Order
Export as new Build Order

FireCake Zerg - Winner!

Build Orders: Pool First, Roach Nydus 

Get SALT Encoding   

  12  0:01  Drone  
  13  0:08  Drone  
  14  0:17  Overlord  
  14  0:23  Drone, Extractor  
  15  0:35  Drone x2  
  17  0:45  Spawning Pool  
  17  0:47  Drone  
  17  1:03  Extractor  
  16  1:10  Hatchery  
  15  1:14  Drone  
  15  1:16  Drone  
  17  1:20  Drone  
  18  1:31  Queen  
  20  1:33  Zergling x2  
  20  1:38  Drone  
  22  1:48  Overlord  
  22  2:05  Metabolic Boost  
  22  2:06  Queen  
  24  2:09  Drone  
  24  2:13  Drone  
  26  2:22  Queen  
  28  2:23  Drone x2  
  30  2:41  Drone x5  
  34  2:48  Lair  
  34  2:54  Overlord  
  34  2:57  Drone x2  
  36  3:02  Extractor  
  36  3:03  Drone  
  36  3:04  Extractor  
  35  3:09  Drone  
  36  3:14  Drone  
  37  3:21  Drone x4  
  41  3:29  Roach Warren  
  41  3:32  Queen  
  41  3:34  Drone x2  
  44  3:48  Overlord x2  
  44  3:49  Overlord  
  44  3:54  Nydus Network  
  44  3:55  Overseer  
  43  4:09  Roach  
  51  4:10  Roach x4  
  51  4:14  Roach  
  55  4:19  Roach x2  
  55  4:22  Roach  
  61  4:37  Nydus Canal  
  61  4:45  Drone x4  
  64  4:47  Hatchery  
  64  4:56  Drone x2  
  64  4:58  Glial Reconstitution  
  66  5:01  Drone  
  66  5:02  Evolution Chamber  
  66  5:06  Overlord  
  66  5:07  Overlord  
  66  5:22  Drone x2  
  66  5:23  Evolution Chamber  
  67  5:29  Zerg Missile Weapons Level 1  
  67  5:32  Ravager x3  
  67  5:33  Ravager  
  67  5:35  Drone  
  72  5:36  Extractor  
  72  5:38  Drone x2  
  72  5:39  Drone  
  74  5:43  Drone x7  
  74  5:49  Zerg Ground Armor Level 1  
  81  5:55  Overlord x2  
  81  6:02  Extractor  
  80  6:07  Extractor  
  80  6:09  Overlord x3  
  79  6:11  Drone  
  80  6:19  Drone x2, Spore Crawler  
  80  6:21  Drone x4  
  85  6:26  Drone  
  85  6:29  Roach  
  88  6:33  Roach  
  88  6:34  Roach x3  
  88  6:38  Roach  
  88  6:39  Roach  
  100  6:48  Spore Crawler  
  99  7:00  Roach  
  99  7:01  Roach x8  
  116  7:12  Spire  
  115  7:18  Roach  
  115  7:19  Roach x2  
  121  7:25  Overlord x4  
  121  7:37  Drone  
  121  7:43  Zerg Missile Weapons Level 2  
  122  7:45  Drone x4  
  122  7:46  Drone x2  
  122  7:47  Zerg Ground Armor Level 2  
  128  7:54  Roach  
  128  7:55  Roach x4  
  138  8:08  Roach x7  
  152  8:29  Zerg Flyer Weapons Level 1  
  152  8:31  Overlord x4  
  152  8:44  Ravager x2  
  152  8:46  Hatchery  
  142  8:59  Roach  
  142  9:00  Roach x15  
  152  9:10  Roach x5  
  156  9:22  Roach x3  
  156  9:23  Roach x3  
  168  9:32  Ravager x3  
  168  9:33  Ravager x3  
  168  9:34  Ravager x2  
  168  9:37  Overlord, Corruptor x3  
  182  9:50  Roach x2  
  169  10:12  Corruptor x4  
  174  10:15  Drone x11  
  183  10:30  Roach x4  
  183  10:32  Ravager  
  183  10:33  Ravager x6  
  198  10:47  Spine Crawler  
  198  10:48  Spine Crawler  
  196  10:59  Hatchery  
  168  11:08  Roach x11  
  168  11:09  Roach  
  170  11:15  Roach  
  170  11:16  Roach x3  
  163  11:21  Roach x3  
  158  11:26  Roach  
  158  11:27  Roach x2  
  158  11:32  Roach x2  
  167  11:33  Roach x2  

Tags
 
Add a new tag
Caveats
  • Supply blocks, unpowered buildings, or Contaminate may cause inaccurate times.
  • Supply counts are checked every 10 seconds.